[ AOE2 MATCH · #497359220 ]
UnrankedCelts vs Franks
[ REPLAY ANALYSIS · EXTRACTED FROM THE RECORDED GAME ]
Feudal
16:45
Castle
20:54
Imperial
35:20
| APM avg | 15.4 |
| APM peak | 36 |
| eAPM avg | 10.9 |
| Villagers / military | 171 / 227 |
Focus
⚔️ 22.3% · 🌾 77.7%
Woad Raider ×213 · Battering Ram ×13 · Monk ×1
Feudal
17:29
Castle
21:24
Imperial
44:06
| APM avg | 28.9 |
| APM peak | 58 |
| eAPM avg | 13.8 |
| Villagers / military | 158 / 51 |
Focus
⚔️ 17.3% · 🌾 82.7%
Steppe Lancer ×46 · Mangonel ×2 · Spearman ×2 · Scout Cavalry ×1
Feudal
16:02
Castle
20:45
Imperial
42:34
| APM avg | 21.8 |
| APM peak | 53 |
| eAPM avg | 10.1 |
| Villagers / military | 98 / 46 |
Focus
⚔️ 20.2% · 🌾 79.8%
Knight ×46
Feudal
15:56
Castle
24:41
Imperial
41:37
| APM avg | 18.7 |
| APM peak | 41 |
| eAPM avg | 9.8 |
| Villagers / military | 100 / 65 |
Focus
⚔️ 29.1% · 🌾 70.9%
Ballista Elephant ×47 · Scout Cavalry ×17 · Trebuchet (Packed) ×1
Feudal
15:27
Castle
20:37
Imperial
35:16
| APM avg | 35.2 |
| APM peak | 100 |
| eAPM avg | 20.9 |
| Villagers / military | 212 / 179 |
Focus
⚔️ 40.5% · 🌾 59.5%
Scout Cavalry ×142 · Knight ×16 · Trebuchet (Packed) ×13 · Obuch ×5 · Battering Ram ×3
Feudal
16:45
Castle
21:35
Imperial
37:24
| APM avg | 17.7 |
| APM peak | 85 |
| eAPM avg | 10.7 |
| Villagers / military | 143 / 18 |
Focus
⚔️ 19.5% · 🌾 80.5%
War Elephant ×16 · Scout Cavalry ×2
Feudal
15:00
Castle
35:37
Imperial
—
| APM avg | 17.8 |
| APM peak | 46 |
| eAPM avg | 10.5 |
| Villagers / military | 204 / 25 |
Focus
⚔️ 24.5% · 🌾 75.5%
Trade Cart ×35 · Scout Cavalry ×11 · Spearman ×10 · Knight ×4
Feudal
15:39
Castle
28:48
Imperial
—
| APM avg | 26.5 |
| APM peak | 52 |
| eAPM avg | 13.0 |
| Villagers / military | 97 / 52 |
Focus
⚔️ 19.7% · 🌾 80.3%
Knight ×18 · Scout Cavalry ×16 · Cavalry Archer ×14 · Monk ×2 · Battering Ram ×2
Match map
Initial resources + every placement click. Lines = walls · curves = elevation contours. ◆ gold · ⬟ stone · ● berries · ✦ relic · ◌ wall gap
Your base· Open — unwalled flank
asd40130069's base· Open — 8t gap
Kaila's base· Open — 13t gap
DEBANNICO's base· Open — 7t gap
骨川 スネ夫's base· Open — unwalled flank
Arcalon's base· Open — unwalled flank
利捷巴罗's base· ✓ Closed at 35:37 · 41t walls · 2 gate(s)
scurhun's base· Open — 8t gap
Smoothed initial terrain · ◌ = detected wall gap · hover for details
Inputs per minute
— Hinton_Cheung - - asd40130069
Build order — Hinton_Cheung
First 150 of 333 actions detected
| 0:31 | Build | House |
| 1:10 | Build | House |
| 2:44 | Build | Town Center |
| 2:57 | Build | Town Center |
| 4:58 | Queue | Villager (Male) |
| 4:59 | Queue | Villager (Male) |
| 4:59 | Queue | Villager (Male) |
| 4:59 | Queue | Villager (Male) |
| 5:00 | Queue | Villager (Male) |
| 5:00 | Queue | Villager (Male) |
| 6:38 | Queue | Villager (Male) |
| 6:38 | Queue | Villager (Male) |
| 6:38 | Queue | Villager (Male) |
| 6:52 | Build | Lumber Camp |
| 7:04 | Build | Lumber Camp |
| 7:30 | Build | House |
| 7:33 | Build | House |
| 7:45 | Queue | Villager (Male) |
| 7:45 | Queue | Villager (Male) |
| 7:49 | Queue | Villager (Male) |
| 7:49 | Queue | Villager (Male) |
| 7:50 | Queue | Villager (Male) |
| 7:50 | Queue | Villager (Male) |
| 8:52 | Queue | Villager (Male) |
| 8:52 | Queue | Villager (Male) |
| 8:52 | Queue | Villager (Male) |
| 9:28 | Queue | Villager (Male) |
| 9:29 | Queue | Villager (Male) |
| 9:59 | Build | Mill |
| 10:08 | Queue | Villager (Male) |
| 10:09 | Queue | Villager (Male) |
| 10:10 | Queue | Villager (Male) |
| 10:10 | Queue | Villager (Male) |
| 10:59 | Queue | Villager (Male) |
| 10:59 | Queue | Villager (Male) |
| 11:00 | Queue | Villager (Male) |
| 11:22 | Build | Lumber Camp |
| 11:26 | Queue | Villager (Male) |
| 11:26 | Queue | Villager (Male) |
| 11:47 | Build | Farm |
| 11:50 | Build | Farm |
| 12:30 | Queue | Villager (Male) |
| 12:30 | Queue | Villager (Male) |
| 12:30 | Queue | Villager (Male) |
| 12:30 | Queue | Villager (Male) |
| 12:30 | Queue | Villager (Male) |
| 13:04 | Build | House |
| 13:05 | Build | House |
| 14:24 | Research | Feudal Age |
| 14:36 | Queue | Villager (Male) |
| 14:37 | Queue | Villager (Male) |
| 14:37 | Queue | Villager (Male) |
| 14:46 | Build | Mining Camp |
| 15:40 | Build | Mill |
| 16:45 | Age | Feudal Age |
| 16:48 | Build | Market |
| 17:00 | Build | Blacksmith |
| 17:49 | Queue | Villager (Male) |
| 18:08 | Research | Castle Age |
| 18:44 | Research | Horse Collar |
| 18:55 | Build | Farm |
| 18:58 | Build | Farm |
| 18:59 | Build | Farm |
| 19:01 | Build | Farm |
| 19:02 | Build | Farm |
| 19:04 | Build | Farm |
| 19:12 | Build | Farm |
| 19:15 | Build | Farm |
| 19:35 | Research | Double-Bit Axe |
| 19:40 | Build | Farm |
| 19:41 | Build | Farm |
| 19:44 | Build | Farm |
| 19:45 | Build | Farm |
| 19:56 | Build | Farm |
| 19:59 | Build | Farm |
| 20:21 | Queue | Villager (Male) |
| 20:21 | Queue | Villager (Male) |
| 20:54 | Queue | Villager (Male) |
| 20:54 | Queue | Villager (Male) |
| 20:54 | Age | Castle Age |
| 21:14 | Build | Town Center |
| 21:29 | Build | Town Center |
| 22:00 | Research | Bow Saw |
| 22:13 | Research | Heavy Plow |
| 22:21 | Queue | Villager (Male) |
| 22:55 | Queue | Villager (Male) |
| 23:14 | Build | Town Center |
| 23:35 | Queue | Villager (Male) ×5 |
| 23:42 | Build | Farm |
| 23:43 | Build | Farm |
| 23:44 | Build | Farm |
| 23:54 | Research | Loom |
| 24:09 | Build | House |
| 24:23 | Queue | Villager (Male) ×5 |
| 24:23 | Queue | Villager (Male) ×5 |
| 24:23 | Queue | Villager (Male) ×2 |
| 24:36 | Build | Farm |
| 24:38 | Build | Farm |
| 24:40 | Build | Farm |
| 24:41 | Build | Farm |
| 24:47 | Build | Farm |
| 24:54 | Build | Lumber Camp |
| 25:06 | Queue | Villager (Male) |
| 25:06 | Queue | Villager (Male) |
| 25:11 | Build | House |
| 25:13 | Build | House |
| 25:19 | Queue | Villager (Male) ×3 |
| 25:20 | Queue | Villager (Male) ×3 |
| 25:21 | Queue | Villager (Male) |
| 25:21 | Queue | Villager (Male) |
| 25:26 | Build | Farm |
| 25:27 | Build | Farm |
| 25:47 | Build | Monastery |
| 25:52 | Queue | Villager (Male) ×4 |
| 25:59 | Build | House |
| 26:08 | Build | Farm |
| 26:12 | Queue | Villager (Male) ×2 |
| 26:12 | Queue | Villager (Male) ×2 |
| 26:16 | Queue | Villager (Male) |
| 26:16 | Queue | Villager (Male) |
| 26:18 | Queue | Villager (Male) |
| 26:35 | Queue | Villager (Male) ×2 |
| 26:35 | Queue | Villager (Male) ×2 |
| 26:43 | Queue | Villager (Male) |
| 26:49 | Build | Farm |
| 26:50 | Build | Farm |
| 26:52 | Build | Farm |
| 26:53 | Build | Farm |
| 26:55 | Build | Farm |
| 26:58 | Queue | Villager (Male) ×3 |
| 26:59 | Queue | Villager (Male) ×3 |
| 27:04 | Build | House |
| 27:06 | Build | House |
| 27:14 | Queue | Villager (Male) |
| 27:14 | Queue | Villager (Male) |
| 27:22 | Build | Farm |
| 27:24 | Build | Farm |
| 27:25 | Build | Farm |
| 27:27 | Build | Farm |
| 27:30 | Queue | Villager (Male) ×2 |
| 27:30 | Queue | Villager (Male) ×2 |
| 27:30 | Queue | Villager (Male) |
| 27:31 | Queue | Villager (Male) |
| 27:34 | Queue | Villager (Male) |
| 27:34 | Queue | Villager (Male) |
| 27:37 | Queue | Monk |
| 27:47 | Queue | Villager (Male) |
| 27:47 | Queue | Villager (Male) |
| 27:51 | Build | House |
| 27:54 | Build | House |
Build order — asd40130069
First 150 of 389 actions detected
| 0:03 | Build | House |
| 2:30 | Build | Town Center |
| 4:29 | Queue | Villager (Male) |
| 4:29 | Queue | Villager (Male) |
| 4:30 | Queue | Villager (Male) |
| 4:30 | Queue | Villager (Male) |
| 6:10 | Queue | Villager (Male) |
| 6:10 | Queue | Villager (Male) |
| 6:14 | Build | House |
| 6:15 | Build | House |
| 6:47 | Research | Loom |
| 6:50 | Build | House |
| 7:13 | Queue | Villager (Male) |
| 7:13 | Queue | Villager (Male) |
| 7:13 | Queue | Villager (Male) |
| 8:34 | Queue | Villager (Male) |
| 8:35 | Queue | Villager (Male) |
| 9:02 | Build | Mill |
| 9:20 | Queue | Villager (Male) |
| 9:20 | Queue | Villager (Male) |
| 9:57 | Queue | Villager (Male) |
| 9:57 | Queue | Villager (Male) |
| 10:15 | Build | Mill |
| 10:43 | Queue | Villager (Male) |
| 10:43 | Queue | Villager (Male) |
| 10:44 | Queue | Villager (Male) |
| 10:45 | Queue | Villager (Male) |
| 12:05 | Build | House |
| 12:07 | Build | House |
| 12:45 | Queue | Villager (Male) |
| 12:46 | Queue | Villager (Male) |
| 13:04 | Build | Mill |
| 13:26 | Build | House |
| 13:28 | Queue | Villager (Male) |
| 14:02 | Build | Barracks |
| 14:10 | Queue | Villager (Male) |
| 14:54 | Queue | Villager (Male) |
| 14:57 | Research | Feudal Age |
| 15:00 | Build | House |
| 15:05 | Build | Lumber Camp |
| 15:28 | Build | Mining Camp |
| 15:31 | Build | House |
| 16:14 | Build | House |
| 16:51 | Build | House |
| 16:54 | Queue | Villager (Male) |
| 16:55 | Queue | Villager (Male) |
| 17:29 | Age | Feudal Age |
| 17:31 | Build | Blacksmith |
| 17:39 | Build | Market |
| 17:44 | Build | House |
| 17:47 | Build | Stable |
| 18:10 | Research | Double-Bit Axe |
| 18:16 | Queue | Villager (Male) |
| 18:37 | Research | Castle Age |
| 18:52 | Build | Stone Wall |
| 18:56 | Build | Gate |
| 19:09 | Build | Stone Wall |
| 19:11 | Build | Gate |
| 19:40 | Build | Farm |
| 19:41 | Build | Farm |
| 19:42 | Build | Farm |
| 19:43 | Build | Farm |
| 19:44 | Build | Farm |
| 19:50 | Build | Farm |
| 19:52 | Build | Farm |
| 20:07 | Build | Farm |
| 20:15 | Build | Stone Wall |
| 20:18 | Build | Mining Camp |
| 20:40 | Queue | Villager (Male) |
| 21:08 | Queue | Scout Cavalry |
| 21:15 | Queue | Spearman |
| 21:15 | Queue | Spearman |
| 21:24 | Age | Castle Age |
| 21:38 | Build | Town Center |
| 21:50 | Queue | Villager (Male) |
| 22:05 | Queue | Villager (Male) |
| 22:38 | Queue | Villager (Male) |
| 22:38 | Queue | Villager (Male) |
| 23:03 | Research | Bow Saw |
| 23:09 | Build | Farm |
| 23:10 | Build | Farm |
| 23:11 | Build | Farm |
| 23:12 | Queue | Villager (Male) |
| 23:33 | Queue | Villager (Male) |
| 24:08 | Queue | Steppe Lancer |
| 24:31 | Queue | Villager (Male) |
| 24:32 | Queue | Villager (Male) |
| 24:45 | Build | Farm |
| 24:47 | Build | Farm |
| 24:49 | Build | Farm |
| 24:50 | Build | Farm |
| 24:51 | Queue | Villager (Male) |
| 24:52 | Queue | Villager (Male) |
| 25:15 | Queue | Villager (Male) |
| 25:21 | Build | Farm |
| 25:22 | Build | Farm |
| 25:23 | Build | Farm |
| 25:30 | Build | Farm |
| 25:31 | Build | Farm |
| 25:34 | Research | Horse Collar |
| 25:39 | Queue | Villager (Male) |
| 26:05 | Queue | Villager (Male) |
| 26:05 | Queue | Villager (Male) |
| 26:17 | Build | Farm |
| 26:18 | Build | Farm |
| 26:19 | Build | Farm |
| 26:22 | Queue | Villager (Male) |
| 26:23 | Queue | Villager (Male) |
| 26:38 | Queue | Villager (Male) |
| 26:38 | Queue | Villager (Male) |
| 27:06 | Build | Castle |
| 27:20 | Queue | Villager (Male) |
| 27:20 | Queue | Villager (Male) |
| 27:20 | Queue | Villager (Male) |
| 27:21 | Queue | Villager (Male) |
| 27:21 | Queue | Villager (Male) |
| 27:22 | Queue | Villager (Male) |
| 27:37 | Research | Wheelbarrow |
| 27:54 | Research | Heavy Plow |
| 28:05 | Queue | Villager (Male) |
| 28:28 | Build | Lumber Camp |
| 28:33 | Queue | Villager (Male) |
| 28:35 | Queue | Steppe Lancer |
| 28:35 | Queue | Steppe Lancer |
| 28:55 | Queue | Villager (Male) |
| 29:06 | Research | Scale Barding Armor |
| 29:21 | Build | Stable |
| 29:43 | Queue | Villager (Male) |
| 29:43 | Queue | Villager (Male) |
| 29:45 | Queue | Steppe Lancer |
| 29:45 | Queue | Steppe Lancer |
| 29:49 | Build | Stable |
| 30:02 | Research | Forging |
| 30:17 | Build | House |
| 30:18 | Build | House |
| 30:30 | Queue | Villager (Male) |
| 30:30 | Queue | Villager (Male) |
| 30:32 | Queue | Steppe Lancer |
| 30:32 | Queue | Steppe Lancer |
| 30:44 | Build | Stone Wall |
| 30:47 | Build | Gate |
| 31:00 | Build | Stone Wall |
| 31:04 | Queue | Steppe Lancer |
| 31:05 | Queue | Steppe Lancer |
| 31:06 | Queue | Villager (Male) |
| 31:06 | Queue | Villager (Male) |
| 31:22 | Queue | Villager (Male) |
| 31:39 | Build | Stone Wall |
| 31:45 | Queue | Steppe Lancer |
| 31:45 | Queue | Steppe Lancer |
Build order — Kaila
First 150 of 242 actions detected
| 1:46 | Build | Town Center |
| 3:30 | Build | House |
| 3:31 | Build | House |
| 3:46 | Queue | Villager (Male) |
| 3:46 | Queue | Villager (Male) |
| 3:47 | Queue | Villager (Male) |
| 3:47 | Queue | Villager (Male) |
| 3:47 | Queue | Villager (Male) |
| 5:25 | Queue | Villager (Male) |
| 5:48 | Queue | Villager (Male) |
| 5:48 | Queue | Villager (Male) |
| 6:19 | Queue | Villager (Male) |
| 6:20 | Queue | Villager (Male) |
| 6:53 | Queue | Villager (Male) |
| 7:13 | Research | Loom |
| 7:43 | Queue | Villager (Male) |
| 7:44 | Queue | Villager (Male) |
| 8:04 | Queue | Villager (Male) |
| 8:26 | Queue | Villager (Male) |
| 8:50 | Queue | Villager (Male) |
| 9:01 | Queue | Villager (Male) |
| 9:05 | Build | House |
| 10:14 | Queue | Villager (Male) |
| 10:22 | Build | House |
| 10:27 | Queue | Villager (Male) |
| 10:46 | Build | Mill |
| 10:53 | Queue | Villager (Male) |
| 11:01 | Build | House |
| 11:09 | Queue | Villager (Male) |
| 11:21 | Queue | Villager (Male) |
| 11:40 | Build | Farm |
| 11:40 | Build | Farm |
| 11:43 | Build | Farm |
| 11:46 | Build | Farm |
| 12:04 | Queue | Villager (Male) |
| 12:15 | Queue | Villager (Male) |
| 12:20 | Build | Farm |
| 12:24 | Build | Farm |
| 12:27 | Build | Farm |
| 13:26 | Build | Lumber Camp |
| 13:52 | Research | Feudal Age |
| 14:30 | Queue | Villager (Male) |
| 14:55 | Build | Barracks |
| 15:13 | Build | House |
| 15:18 | Queue | Villager (Male) |
| 16:02 | Age | Feudal Age |
| 16:07 | Build | Stable |
| 16:13 | Queue | Villager (Male) |
| 17:19 | Build | Blacksmith |
| 18:05 | Research | Castle Age |
| 18:05 | Research | Castle Age |
| 18:08 | Research | Double-Bit Axe |
| 18:17 | Build | Farm |
| 18:50 | Build | Farm |
| 19:53 | Research | Scale Barding Armor |
| 20:11 | Build | Stable |
| 20:15 | Build | House |
| 20:20 | Queue | Villager (Male) |
| 20:45 | Age | Castle Age |
| 20:48 | Queue | Knight |
| 20:48 | Queue | Knight |
| 20:50 | Queue | Villager (Male) |
| 20:58 | Build | Farm |
| 21:16 | Build | Town Center |
| 21:22 | Queue | Villager (Male) |
| 21:24 | Queue | Knight |
| 21:38 | Build | Farm |
| 21:52 | Queue | Villager (Male) |
| 21:53 | Queue | Knight |
| 22:12 | Build | Farm |
| 22:21 | Queue | Villager (Male) |
| 22:30 | Queue | Villager (Male) |
| 23:01 | Queue | Villager (Male) |
| 23:07 | Queue | Villager (Male) |
| 23:10 | Queue | Knight |
| 23:46 | Build | House |
| 24:12 | Queue | Villager (Male) |
| 24:12 | Queue | Villager (Male) |
| 24:28 | Queue | Villager (Male) |
| 24:28 | Queue | Villager (Male) |
| 24:35 | Queue | Villager (Male) |
| 24:56 | Queue | Villager (Male) |
| 25:06 | Build | Farm |
| 25:08 | Queue | Villager (Male) |
| 25:33 | Queue | Villager (Male) |
| 25:34 | Queue | Villager (Male) |
| 25:39 | Build | House |
| 25:40 | Build | House |
| 25:50 | Queue | Villager (Male) |
| 25:52 | Build | Farm |
| 27:14 | Queue | Villager (Male) |
| 27:15 | Queue | Villager (Male) |
| 27:15 | Queue | Villager (Male) |
| 27:22 | Build | Lumber Camp |
| 27:23 | Queue | Villager (Male) |
| 27:24 | Queue | Villager (Male) |
| 27:27 | Queue | Villager (Male) |
| 27:27 | Queue | Villager (Male) |
| 27:31 | Build | Farm |
| 27:31 | Build | Farm |
| 27:31 | Build | Farm |
| 27:32 | Build | Farm |
| 31:49 | Queue | Knight |
| 31:49 | Queue | Knight |
| 31:49 | Queue | Knight |
| 31:50 | Queue | Knight |
| 31:50 | Queue | Knight |
| 31:50 | Queue | Knight |
| 31:50 | Queue | Knight |
| 31:51 | Queue | Knight |
| 31:53 | Queue | Villager (Male) |
| 31:54 | Queue | Villager (Male) |
| 31:54 | Queue | Villager (Male) |
| 31:55 | Queue | Villager (Male) |
| 31:55 | Queue | Villager (Male) |
| 31:56 | Queue | Villager (Male) |
| 32:03 | Build | Lumber Camp |
| 32:08 | Build | Farm |
| 32:20 | Queue | Villager (Male) |
| 32:20 | Queue | Villager (Male) |
| 32:20 | Queue | Villager (Male) |
| 32:21 | Queue | Villager (Male) |
| 32:21 | Queue | Villager (Male) |
| 32:23 | Research | Bow Saw |
| 32:24 | Research | Bow Saw |
| 32:28 | Build | Farm |
| 32:28 | Build | Farm |
| 32:28 | Build | Farm |
| 32:29 | Build | Farm |
| 32:29 | Build | Farm |
| 32:29 | Build | Farm |
| 32:31 | Queue | Villager (Male) |
| 32:31 | Queue | Villager (Male) |
| 32:32 | Queue | Villager (Male) |
| 32:36 | Build | House |
| 32:37 | Build | House |
| 32:38 | Build | House |
| 32:39 | Build | House |
| 32:40 | Build | House |
| 32:41 | Build | House |
| 32:47 | Build | Stone Wall |
| 32:52 | Build | Gate |
| 32:59 | Build | House |
| 33:00 | Build | House |
| 33:02 | Build | House |
| 33:03 | Build | House |
| 33:07 | Queue | Villager (Male) |
| 33:07 | Queue | Villager (Male) |
| 33:10 | Queue | Villager (Male) |
| 33:11 | Queue | Villager (Male) |
Build order — DEBANNICO
First 150 of 291 actions detected
| 0:44 | Build | Town Center |
| 2:08 | Build | House |
| 2:43 | Queue | Villager (Male) |
| 2:43 | Queue | Villager (Male) |
| 2:56 | Queue | Villager (Male) |
| 2:56 | Queue | Villager (Male) |
| 3:54 | Research | Loom |
| 4:25 | Queue | Villager (Male) |
| 4:25 | Queue | Villager (Male) |
| 4:37 | Build | House |
| 4:57 | Queue | Villager (Male) |
| 4:57 | Queue | Villager (Male) |
| 4:57 | Queue | Villager (Male) |
| 6:30 | Queue | Villager (Male) |
| 6:31 | Queue | Villager (Male) |
| 7:09 | Queue | Villager (Male) |
| 7:10 | Queue | Villager (Male) |
| 7:10 | Queue | Villager (Male) |
| 7:10 | Queue | Villager (Male) |
| 8:00 | Queue | Villager (Male) |
| 8:00 | Queue | Villager (Male) |
| 8:03 | Queue | Villager (Male) |
| 8:05 | Queue | Villager (Male) |
| 8:06 | Queue | Villager (Male) |
| 8:17 | Build | House |
| 8:18 | Build | House |
| 8:20 | Build | House |
| 8:30 | Build | Lumber Camp |
| 8:56 | Queue | Villager (Male) |
| 9:06 | Queue | Villager (Male) |
| 9:06 | Queue | Villager (Male) |
| 9:40 | Queue | Villager (Male) |
| 10:11 | Queue | Villager (Male) |
| 10:30 | Queue | Villager (Male) |
| 10:51 | Build | House |
| 12:06 | Queue | Villager (Male) |
| 12:06 | Queue | Villager (Male) |
| 12:44 | Build | House |
| 12:45 | Build | House |
| 12:47 | Build | House |
| 12:49 | Build | House |
| 12:51 | Build | House |
| 12:56 | Queue | Villager (Male) |
| 12:56 | Queue | Villager (Male) |
| 13:29 | Build | House |
| 13:32 | Research | Feudal Age |
| 14:03 | Build | Mill |
| 14:10 | Queue | Villager (Male) |
| 14:53 | Build | Outpost |
| 14:56 | Queue | Villager (Male) |
| 15:10 | Build | Mining Camp |
| 15:31 | Build | Palisade Wall |
| 15:56 | Age | Feudal Age |
| 15:56 | Queue | Villager (Male) |
| 16:10 | Research | Horse Collar |
| 16:17 | Build | Farm |
| 16:19 | Build | Farm |
| 16:20 | Build | Farm |
| 16:21 | Build | Farm |
| 16:22 | Build | Farm |
| 16:24 | Build | Farm |
| 16:24 | Build | Farm |
| 16:27 | Build | Farm |
| 16:28 | Build | Farm |
| 16:30 | Build | Farm |
| 16:32 | Build | Farm |
| 16:44 | Build | Blacksmith |
| 16:56 | Build | Stone Wall |
| 17:05 | Build | Gate |
| 17:08 | Queue | Villager (Male) |
| 17:33 | Build | Gate |
| 17:35 | Build | House |
| 18:07 | Queue | Villager (Male) |
| 18:08 | Queue | Villager (Male) |
| 18:15 | Build | Farm |
| 18:25 | Build | Farm |
| 18:26 | Build | Farm |
| 18:27 | Build | Farm |
| 18:28 | Build | Farm |
| 18:30 | Build | Farm |
| 18:33 | Queue | Villager (Male) |
| 18:34 | Queue | Villager (Male) |
| 18:54 | Build | Mining Camp |
| 19:06 | Build | Stable |
| 19:10 | Queue | Villager (Male) |
| 19:17 | Research | Double-Bit Axe |
| 20:14 | Queue | Villager (Male) |
| 20:14 | Queue | Villager (Male) |
| 20:16 | Queue | Villager (Male) |
| 20:26 | Build | Farm |
| 20:31 | Build | Farm |
| 20:33 | Build | Farm |
| 21:34 | Queue | Villager (Male) |
| 22:01 | Research | Castle Age |
| 22:17 | Research | Stone Mining |
| 22:23 | Build | Farm |
| 22:24 | Build | Farm |
| 22:43 | Queue | Scout Cavalry |
| 22:54 | Research | Forging |
| 23:02 | Queue | Villager (Male) |
| 23:16 | Queue | Scout Cavalry |
| 23:39 | Research | Scale Barding Armor |
| 23:59 | Queue | Scout Cavalry |
| 24:10 | Queue | Villager (Male) |
| 24:30 | Queue | Scout Cavalry |
| 24:31 | Research | Bloodlines |
| 24:41 | Age | Castle Age |
| 24:55 | Build | Town Center |
| 24:58 | Queue | Villager (Male) |
| 25:03 | Research | Heavy Plow |
| 25:10 | Queue | Villager (Male) |
| 25:15 | Queue | Scout Cavalry |
| 25:15 | Queue | Scout Cavalry |
| 25:48 | Research | Iron Casting |
| 26:08 | Research | Light Cavalry (upgrade) |
| 26:17 | Queue | Villager (Male) |
| 26:50 | Queue | Villager (Male) |
| 26:51 | Queue | Villager (Male) |
| 26:51 | Queue | Villager (Male) |
| 26:52 | Queue | Villager (Male) |
| 26:53 | Queue | Villager (Male) |
| 26:53 | Queue | Villager (Male) |
| 27:02 | Build | Farm |
| 27:04 | Build | Farm |
| 27:05 | Build | Farm |
| 27:06 | Build | Farm |
| 27:09 | Build | Farm |
| 27:10 | Build | Farm |
| 27:12 | Queue | Villager (Male) |
| 27:22 | Queue | Scout Cavalry |
| 27:23 | Queue | Scout Cavalry |
| 27:31 | Research | Husbandry |
| 27:36 | Queue | Villager (Male) |
| 27:48 | Build | Castle |
| 28:22 | Build | Castle |
| 28:29 | Queue | Scout Cavalry |
| 28:29 | Queue | Scout Cavalry |
| 28:38 | Queue | Villager (Male) |
| 28:38 | Queue | Villager (Male) |
| 28:38 | Queue | Villager (Male) |
| 28:39 | Queue | Villager (Male) |
| 29:05 | Queue | Villager (Male) |
| 29:06 | Queue | Villager (Male) |
| 29:14 | Queue | Villager (Male) |
| 29:14 | Queue | Villager (Male) |
| 29:17 | Queue | Villager (Male) |
| 29:18 | Queue | Villager (Male) |
| 29:24 | Research | Wheelbarrow |
| 30:07 | Queue | Ballista Elephant |
| 30:20 | Build | Mining Camp |
Build order — 骨川 スネ夫
First 150 of 589 actions detected
| 0:46 | Build | Town Center |
| 3:07 | Build | House |
| 3:08 | Build | House |
| 3:41 | Queue | Villager (Male) ×4 |
| 3:41 | Queue | Villager (Male) ×4 |
| 3:41 | Queue | Villager (Male) ×4 |
| 4:57 | Queue | Villager (Male) |
| 4:58 | Queue | Villager (Male) |
| 4:58 | Queue | Villager (Male) |
| 5:28 | Queue | Villager (Male) |
| 5:28 | Queue | Villager (Male) |
| 6:01 | Queue | Villager (Male) |
| 6:01 | Queue | Villager (Male) |
| 6:25 | Queue | Villager (Male) |
| 6:26 | Queue | Villager (Male) |
| 6:40 | Queue | Villager (Male) |
| 6:41 | Queue | Villager (Male) |
| 6:52 | Queue | Villager (Male) |
| 6:52 | Queue | Villager (Male) |
| 6:52 | Queue | Villager (Male) |
| 7:26 | Queue | Villager (Male) |
| 7:26 | Queue | Villager (Male) |
| 7:26 | Queue | Villager (Male) |
| 7:48 | Queue | Villager (Male) |
| 7:48 | Queue | Villager (Male) |
| 7:49 | Queue | Villager (Male) |
| 8:10 | Build | House |
| 8:11 | Build | House |
| 8:16 | Queue | Villager (Male) |
| 8:16 | Research | Loom |
| 8:25 | Queue | Villager (Male) |
| 8:25 | Queue | Villager (Male) |
| 8:25 | Queue | Villager (Male) |
| 8:26 | Queue | Villager (Male) |
| 9:01 | Queue | Villager (Male) |
| 9:20 | Build | Mill |
| 9:41 | Queue | Villager (Male) |
| 9:42 | Queue | Villager (Male) |
| 9:42 | Queue | Villager (Male) |
| 10:17 | Queue | Villager (Male) |
| 10:46 | Build | Barracks |
| 10:58 | Queue | Villager (Male) |
| 11:21 | Queue | Villager (Male) |
| 11:44 | Queue | Villager (Male) |
| 12:01 | Build | Farm |
| 12:02 | Build | Farm |
| 12:03 | Build | Farm |
| 12:04 | Build | Farm |
| 12:05 | Build | Farm |
| 12:06 | Build | Farm |
| 12:08 | Build | Farm |
| 12:25 | Build | Farm |
| 12:42 | Queue | Villager (Male) |
| 12:49 | Build | Farm |
| 12:52 | Research | Feudal Age |
| 13:28 | Build | House |
| 13:29 | Build | House |
| 13:36 | Queue | Villager (Male) |
| 13:54 | Queue | Villager (Male) |
| 13:55 | Queue | Villager (Male) |
| 14:05 | Queue | Villager (Male) |
| 14:41 | Queue | Villager (Male) |
| 15:10 | Build | Mill |
| 15:27 | Age | Feudal Age |
| 15:31 | Queue | Villager (Male) |
| 15:39 | Build | Stable |
| 15:44 | Build | Blacksmith |
| 15:48 | Build | Palisade Wall |
| 15:52 | Build | Palisade Gate |
| 16:48 | Build | Mining Camp |
| 17:20 | Research | Castle Age |
| 17:38 | Build | Lumber Camp |
| 17:47 | Research | Gold Mining |
| 18:01 | Research | Stone Mining |
| 18:23 | Research | Horse Collar |
| 18:23 | Research | Horse Collar |
| 18:42 | Research | Double-Bit Axe |
| 18:42 | Research | Double-Bit Axe |
| 18:57 | Research | Town Watch |
| 19:27 | Queue | Villager (Male) |
| 20:10 | Research | Wheelbarrow |
| 20:32 | Queue | Villager (Male) |
| 20:37 | Age | Castle Age |
| 20:50 | Build | Town Center |
| 20:58 | Queue | Villager (Male) |
| 21:07 | Queue | Villager (Male) |
| 21:10 | Queue | Villager (Male) |
| 21:49 | Queue | Villager (Male) |
| 21:49 | Queue | Villager (Male) |
| 21:49 | Queue | Villager (Male) |
| 21:49 | Queue | Villager (Male) |
| 21:50 | Queue | Villager (Male) |
| 21:50 | Queue | Villager (Male) |
| 21:50 | Queue | Villager (Male) |
| 22:07 | Build | Town Center |
| 22:19 | Queue | Villager (Male) |
| 22:19 | Queue | Villager (Male) |
| 22:24 | Build | Farm |
| 22:24 | Build | Farm |
| 22:25 | Build | Farm |
| 22:25 | Build | Farm |
| 22:26 | Build | Farm |
| 22:46 | Queue | Villager (Male) |
| 22:46 | Queue | Villager (Male) |
| 22:46 | Queue | Villager (Male) |
| 23:05 | Build | Farm |
| 23:06 | Build | Farm |
| 23:07 | Build | Farm |
| 23:08 | Build | Farm |
| 23:09 | Build | Farm |
| 23:12 | Build | Farm |
| 23:16 | Queue | Villager (Male) |
| 23:17 | Queue | Villager (Male) |
| 23:24 | Build | Farm |
| 23:32 | Queue | Villager (Male) |
| 23:32 | Queue | Villager (Male) |
| 23:44 | Build | Castle |
| 23:51 | Queue | Villager (Male) |
| 23:51 | Queue | Villager (Male) |
| 23:52 | Queue | Villager (Male) |
| 23:52 | Queue | Villager (Male) |
| 24:03 | Build | Farm |
| 24:07 | Queue | Villager (Male) |
| 24:07 | Queue | Villager (Male) |
| 24:22 | Build | House |
| 24:25 | Queue | Villager (Male) |
| 24:25 | Queue | Villager (Male) |
| 24:26 | Queue | Villager (Male) |
| 24:42 | Queue | Villager (Male) |
| 24:42 | Queue | Villager (Male) |
| 24:50 | Build | Farm |
| 24:51 | Build | Farm |
| 24:52 | Build | Farm |
| 24:57 | Queue | Villager (Male) |
| 24:57 | Queue | Villager (Male) |
| 24:57 | Queue | Villager (Male) |
| 25:08 | Build | Mill |
| 25:13 | Build | Farm |
| 25:14 | Build | Farm |
| 25:17 | Queue | Villager (Male) |
| 25:17 | Queue | Villager (Male) |
| 25:18 | Queue | Villager (Male) |
| 25:21 | Queue | Villager (Male) |
| 25:21 | Queue | Villager (Male) |
| 25:32 | Queue | Villager (Male) |
| 25:33 | Queue | Villager (Male) |
| 25:33 | Queue | Villager (Male) |
| 25:45 | Queue | Villager (Male) |
| 25:45 | Queue | Villager (Male) |
| 26:03 | Build | Mill |
Build order — Arcalon
First 150 of 240 actions detected
| 0:57 | Build | Town Center |
| 1:14 | Build | House |
| 3:13 | Queue | Villager (Male) |
| 3:13 | Queue | Villager (Male) |
| 3:14 | Queue | Villager (Male) |
| 3:14 | Queue | Villager (Male) |
| 3:14 | Queue | Villager (Male) |
| 3:14 | Queue | Villager (Male) |
| 3:15 | Queue | Villager (Male) |
| 4:56 | Queue | Villager (Male) |
| 4:56 | Queue | Villager (Male) |
| 5:24 | Queue | Villager (Male) |
| 5:24 | Queue | Villager (Male) |
| 5:24 | Queue | Villager (Male) |
| 5:49 | Build | House |
| 5:54 | Build | House |
| 7:04 | Queue | Villager (Male) |
| 7:41 | Queue | Villager (Male) |
| 7:41 | Queue | Villager (Male) |
| 7:41 | Queue | Villager (Male) |
| 7:42 | Queue | Villager (Male) |
| 8:02 | Queue | Villager (Male) |
| 8:21 | Build | Lumber Camp |
| 9:04 | Queue | Villager (Male) |
| 9:52 | Build | House |
| 9:54 | Build | House |
| 10:15 | Queue | Villager (Male) |
| 10:15 | Queue | Villager (Male) |
| 10:15 | Queue | Villager (Male) |
| 10:16 | Queue | Villager (Male) |
| 10:16 | Queue | Villager (Male) |
| 10:16 | Queue | Villager (Male) |
| 12:04 | Build | Mining Camp |
| 12:33 | Queue | Villager (Male) |
| 12:34 | Queue | Villager (Male) |
| 12:34 | Queue | Villager (Male) |
| 12:47 | Build | Lumber Camp |
| 13:43 | Queue | Villager (Male) |
| 13:43 | Queue | Villager (Male) |
| 14:25 | Build | Mill |
| 14:41 | Research | Feudal Age |
| 14:56 | Build | House |
| 15:05 | Build | House |
| 15:10 | Queue | Villager (Male) |
| 15:10 | Queue | Villager (Male) |
| 15:23 | Build | Farm |
| 15:24 | Build | Farm |
| 15:26 | Build | Farm |
| 15:31 | Build | Farm |
| 15:41 | Build | Farm |
| 15:47 | Build | Farm |
| 15:54 | Build | Farm |
| 15:56 | Build | Farm |
| 16:02 | Build | Farm |
| 16:13 | Build | Farm |
| 16:34 | Build | Farm |
| 16:37 | Build | Farm |
| 16:45 | Age | Feudal Age |
| 17:04 | Build | Blacksmith |
| 17:16 | Build | Market |
| 17:34 | Research | Horse Collar |
| 18:01 | Build | Farm |
| 18:15 | Queue | Villager (Male) |
| 18:23 | Build | Farm |
| 18:38 | Build | Farm |
| 18:48 | Build | Farm |
| 19:06 | Build | Farm |
| 19:10 | Research | Castle Age |
| 20:01 | Queue | Villager (Male) |
| 20:02 | Queue | Villager (Male) |
| 20:09 | Research | Gold Mining |
| 20:11 | Research | Double-Bit Axe |
| 20:38 | Build | Farm |
| 20:41 | Build | Farm |
| 20:43 | Build | Farm |
| 21:35 | Age | Castle Age |
| 22:09 | Build | Town Center |
| 22:18 | Queue | Villager (Male) |
| 22:48 | Research | Loom |
| 24:42 | Build | Town Center |
| 24:45 | Queue | Villager (Male) |
| 24:45 | Queue | Villager (Male) |
| 24:46 | Queue | Villager (Male) |
| 24:46 | Queue | Villager (Male) |
| 24:46 | Queue | Villager (Male) |
| 24:47 | Queue | Villager (Male) |
| 24:47 | Queue | Villager (Male) |
| 24:54 | Research | Wheelbarrow |
| 24:55 | Queue | Villager (Male) ×5 |
| 24:59 | Research | Bow Saw |
| 25:38 | Research | Stone Mining |
| 26:15 | Build | House |
| 26:19 | Build | House |
| 26:31 | Build | Stone Wall |
| 26:44 | Queue | Villager (Male) ×5 |
| 27:01 | Build | Stone Wall |
| 27:19 | Queue | Villager (Male) ×5 |
| 27:19 | Queue | Villager (Male) ×5 |
| 27:19 | Queue | Villager (Male) ×5 |
| 27:19 | Queue | Villager (Male) ×5 |
| 27:35 | Build | Gate |
| 27:51 | Research | Heavy Plow |
| 28:43 | Build | House |
| 28:44 | Build | House |
| 28:46 | Build | House |
| 29:00 | Build | Farm |
| 29:02 | Build | Farm |
| 29:04 | Build | Farm |
| 29:08 | Build | Farm |
| 29:11 | Build | Farm |
| 29:28 | Queue | Villager (Male) ×5 |
| 29:28 | Queue | Villager (Male) ×5 |
| 29:29 | Queue | Villager (Male) ×5 |
| 29:47 | Build | House |
| 29:50 | Build | House |
| 29:51 | Build | House |
| 29:57 | Queue | Villager (Male) ×3 |
| 30:07 | Build | Farm |
| 30:07 | Build | Farm |
| 30:08 | Build | Farm |
| 30:17 | Build | Farm |
| 30:19 | Build | Farm |
| 30:20 | Build | Farm |
| 30:22 | Build | Farm |
| 30:23 | Build | Farm |
| 30:51 | Build | Farm |
| 30:54 | Build | Farm |
| 31:07 | Build | Farm |
| 31:19 | Build | Farm |
| 31:21 | Build | Farm |
| 31:22 | Build | Farm |
| 31:39 | Build | Farm |
| 31:42 | Build | Farm |
| 31:53 | Build | Farm |
| 32:06 | Build | Farm |
| 32:12 | Queue | Villager (Male) ×5 |
| 32:12 | Queue | Villager (Male) ×5 |
| 32:13 | Queue | Villager (Male) ×5 |
| 32:13 | Queue | Villager (Male) ×5 |
| 32:13 | Queue | Villager (Male) ×5 |
| 32:22 | Build | Farm |
| 32:23 | Build | Farm |
| 32:25 | Build | Farm |
| 32:44 | Build | House |
| 32:49 | Build | House |
| 32:50 | Build | House |
| 33:05 | Research | Hand Cart |
| 33:07 | Research | Town Watch |
| 33:14 | Build | Farm |
| 33:51 | Build | University |
Build order — 利捷巴罗
First 150 of 238 actions detected
| 0:42 | Build | Town Center |
| 3:18 | Queue | Villager (Male) ×4 |
| 3:18 | Queue | Villager (Male) ×4 |
| 5:03 | Research | Loom |
| 5:42 | Queue | Villager (Male) |
| 5:43 | Queue | Villager (Male) |
| 6:13 | Queue | Villager (Male) |
| 6:13 | Queue | Villager (Male) |
| 6:40 | Queue | Villager (Male) |
| 6:41 | Queue | Villager (Male) |
| 6:52 | Build | Lumber Camp |
| 7:04 | Queue | Villager (Male) |
| 7:04 | Queue | Villager (Male) |
| 7:04 | Queue | Villager (Male) |
| 7:34 | Queue | Villager (Male) |
| 7:35 | Queue | Villager (Male) |
| 7:35 | Queue | Villager (Male) |
| 8:28 | Queue | Villager (Male) |
| 8:28 | Queue | Villager (Male) |
| 8:46 | Queue | Villager (Male) |
| 8:46 | Queue | Villager (Male) |
| 9:30 | Queue | Villager (Male) |
| 9:30 | Queue | Villager (Male) |
| 9:41 | Build | Mining Camp |
| 9:46 | Queue | Villager (Male) ×3 |
| 9:46 | Queue | Villager (Male) ×3 |
| 10:51 | Queue | Villager (Male) ×5 |
| 10:52 | Queue | Villager (Male) ×5 |
| 10:52 | Queue | Villager (Male) ×5 |
| 11:35 | Build | Barracks |
| 12:30 | Research | Feudal Age |
| 15:00 | Age | Feudal Age |
| 15:08 | Research | Wheelbarrow |
| 15:09 | Research | Town Watch |
| 15:14 | Build | Stable |
| 15:18 | Research | Double-Bit Axe |
| 15:36 | Build | Mill |
| 15:52 | Queue | Villager (Male) ×4 |
| 16:08 | Build | Mining Camp |
| 16:12 | Queue | Scout Cavalry |
| 16:35 | Queue | Scout Cavalry ×2 |
| 17:26 | Build | Blacksmith |
| 17:33 | Queue | Scout Cavalry |
| 18:11 | Queue | Villager (Male) |
| 18:42 | Build | Farm |
| 18:43 | Build | Farm |
| 18:43 | Build | Farm |
| 18:43 | Build | Farm |
| 18:44 | Build | Farm |
| 19:23 | Queue | Villager (Male) ×5 |
| 19:41 | Build | Farm |
| 19:41 | Build | Farm |
| 19:42 | Build | Farm |
| 19:42 | Build | Farm |
| 19:42 | Build | Farm |
| 19:43 | Build | Farm |
| 19:43 | Build | Farm |
| 20:17 | Build | Watch Tower |
| 20:44 | Queue | Scout Cavalry |
| 20:44 | Queue | Scout Cavalry |
| 20:59 | Build | Farm |
| 20:59 | Build | Farm |
| 20:59 | Build | Farm |
| 21:00 | Build | Farm |
| 21:26 | Research | Bloodlines |
| 21:49 | Queue | Villager (Male) ×4 |
| 21:50 | Queue | Villager (Male) ×4 |
| 22:22 | Queue | Scout Cavalry |
| 22:31 | Build | Farm |
| 22:31 | Build | Farm |
| 22:31 | Build | Farm |
| 22:31 | Build | Farm |
| 22:32 | Build | Farm |
| 22:32 | Build | Farm |
| 22:32 | Build | Farm |
| 23:05 | Queue | Scout Cavalry ×2 |
| 23:05 | Queue | Scout Cavalry ×2 |
| 23:38 | Queue | Villager (Male) ×2 |
| 23:38 | Queue | Villager (Male) ×2 |
| 23:38 | Queue | Villager (Male) ×2 |
| 23:38 | Queue | Villager (Male) ×2 |
| 24:00 | Build | Lumber Camp |
| 24:18 | Queue | Villager (Male) ×3 |
| 24:19 | Queue | Villager (Male) ×4 |
| 24:19 | Queue | Villager (Male) ×4 |
| 24:45 | Build | Farm |
| 25:09 | Build | Mill |
| 25:13 | Build | Farm |
| 25:13 | Build | Farm |
| 25:13 | Build | Farm |
| 25:14 | Build | Farm |
| 25:14 | Build | Farm |
| 25:56 | Queue | Villager (Male) ×5 |
| 26:10 | Build | Mill |
| 26:13 | Build | Farm |
| 26:14 | Build | Farm |
| 26:14 | Build | Farm |
| 26:14 | Build | Farm |
| 26:15 | Build | Farm |
| 26:15 | Build | Farm |
| 26:15 | Build | Farm |
| 26:16 | Build | Farm |
| 26:16 | Build | Farm |
| 26:53 | Queue | Spearman ×5 |
| 27:27 | Build | Stone Wall |
| 27:46 | Build | Stone Wall |
| 27:53 | Build | Stone Wall |
| 27:58 | Build | Stone Wall |
| 28:29 | Build | Farm |
| 28:37 | Queue | Spearman ×5 |
| 28:46 | Queue | Villager (Male) ×5 |
| 28:56 | Build | Stone Wall |
| 29:30 | Research | Scale Mail Armor |
| 29:32 | Queue | Villager (Male) ×4 |
| 29:59 | Build | Gate |
| 30:38 | Queue | Villager (Male) ×5 |
| 30:39 | Queue | Villager (Male) ×5 |
| 30:39 | Queue | Villager (Male) ×5 |
| 31:01 | Build | Farm |
| 31:01 | Build | Farm |
| 31:01 | Build | Farm |
| 31:02 | Build | Farm |
| 31:02 | Build | Farm |
| 31:02 | Build | Farm |
| 31:03 | Build | Farm |
| 31:04 | Build | Farm |
| 31:04 | Build | Farm |
| 31:04 | Build | Farm |
| 31:23 | Build | Mill |
| 31:27 | Build | Farm |
| 31:27 | Build | Farm |
| 31:27 | Build | Farm |
| 31:28 | Build | Farm |
| 31:28 | Build | Farm |
| 31:28 | Build | Farm |
| 31:29 | Build | Farm |
| 31:41 | Build | Farm |
| 31:41 | Build | Farm |
| 31:41 | Build | Farm |
| 31:42 | Build | Farm |
| 31:42 | Build | Farm |
| 31:43 | Build | Farm |
| 31:43 | Build | Farm |
| 32:03 | Build | Mining Camp |
| 32:34 | Build | Gate |
| 32:40 | Build | Stone Wall |
| 32:56 | Research | Castle Age |
| 32:59 | Research | Fletching |
| 33:00 | Research | Forging |
| 33:27 | Build | Farm |
Build order — scurhun
First 150 of 251 actions detected
| 0:03 | Build | House |
| 2:28 | Build | Town Center |
| 4:29 | Queue | Villager (Male) |
| 4:29 | Queue | Villager (Male) |
| 4:29 | Queue | Villager (Male) |
| 4:30 | Queue | Villager (Male) |
| 4:30 | Queue | Villager (Male) |
| 4:30 | Queue | Villager (Male) |
| 5:40 | Queue | Villager (Male) |
| 5:41 | Queue | Villager (Male) |
| 5:41 | Queue | Villager (Male) |
| 6:16 | Queue | Villager (Male) |
| 6:17 | Queue | Villager (Male) |
| 6:17 | Queue | Villager (Male) |
| 6:37 | Build | House |
| 6:51 | Queue | Villager (Male) |
| 6:51 | Queue | Villager (Male) |
| 7:45 | Queue | Villager (Male) |
| 7:46 | Queue | Villager (Male) |
| 8:16 | Build | Mill |
| 8:39 | Queue | Villager (Male) |
| 8:40 | Queue | Villager (Male) |
| 8:40 | Queue | Villager (Male) |
| 8:45 | Build | House |
| 9:06 | Queue | Villager (Male) |
| 9:23 | Build | House |
| 9:41 | Queue | Villager (Male) |
| 9:41 | Queue | Villager (Male) |
| 9:41 | Queue | Villager (Male) |
| 9:42 | Queue | Villager (Male) |
| 10:05 | Build | Palisade Wall |
| 10:19 | Queue | Villager (Male) |
| 10:19 | Queue | Villager (Male) |
| 10:20 | Queue | Villager (Male) |
| 10:57 | Build | Palisade Wall |
| 11:11 | Build | Palisade Gate |
| 11:57 | Queue | Villager (Male) |
| 12:01 | Research | Loom |
| 12:02 | Queue | Villager (Male) |
| 12:36 | Build | Barracks |
| 12:39 | Build | Palisade Wall |
| 13:00 | Queue | Villager (Male) |
| 13:05 | Build | Mining Camp |
| 13:19 | Build | Farm |
| 13:29 | Research | Feudal Age |
| 13:29 | Research | Feudal Age |
| 14:08 | Build | Palisade Wall |
| 14:17 | Build | House |
| 15:05 | Build | Palisade Wall |
| 15:08 | Build | Palisade Gate |
| 15:27 | Build | Palisade Wall |
| 15:39 | Age | Feudal Age |
| 15:43 | Build | Palisade Gate |
| 15:46 | Queue | Villager (Male) |
| 15:47 | Queue | Villager (Male) |
| 15:52 | Build | Stable |
| 16:00 | Queue | Villager (Male) |
| 16:04 | Research | Horse Collar |
| 16:07 | Build | Farm |
| 16:14 | Build | Farm |
| 16:39 | Queue | Scout Cavalry |
| 16:47 | Build | Farm |
| 16:51 | Queue | Scout Cavalry |
| 16:59 | Queue | Villager (Male) |
| 17:20 | Build | Farm |
| 17:24 | Build | Farm |
| 17:26 | Queue | Villager (Male) |
| 17:29 | Queue | Scout Cavalry |
| 17:41 | Build | Farm |
| 17:56 | Build | House |
| 17:58 | Queue | Villager (Male) |
| 18:08 | Build | Farm |
| 18:12 | Build | Farm |
| 18:17 | Queue | Scout Cavalry |
| 18:34 | Queue | Villager (Male) |
| 18:36 | Build | Farm |
| 19:07 | Queue | Scout Cavalry |
| 19:30 | Build | House |
| 19:31 | Build | House |
| 19:34 | Queue | Villager (Male) |
| 19:36 | Build | Farm |
| 19:37 | Build | Farm |
| 19:39 | Queue | Scout Cavalry |
| 20:13 | Queue | Scout Cavalry |
| 20:53 | Build | Farm |
| 20:53 | Build | Farm |
| 21:39 | Queue | Scout Cavalry |
| 21:39 | Queue | Scout Cavalry |
| 22:08 | Queue | Scout Cavalry |
| 22:08 | Queue | Villager (Male) |
| 23:07 | Queue | Villager (Male) |
| 23:07 | Queue | Villager (Male) |
| 23:09 | Build | Farm |
| 23:09 | Build | Farm |
| 23:12 | Build | Farm |
| 23:13 | Build | Farm |
| 23:28 | Queue | Scout Cavalry |
| 23:34 | Build | Palisade Gate |
| 24:30 | Queue | Villager (Male) |
| 24:51 | Queue | Scout Cavalry |
| 24:55 | Build | Market |
| 25:51 | Build | Farm |
| 25:52 | Build | Farm |
| 26:08 | Research | Castle Age |
| 26:15 | Build | Stable |
| 26:24 | Build | Farm |
| 26:25 | Build | Farm |
| 26:34 | Build | Lumber Camp |
| 26:38 | Queue | Villager (Male) |
| 26:44 | Queue | Scout Cavalry |
| 27:20 | Queue | Scout Cavalry |
| 27:20 | Queue | Scout Cavalry |
| 27:33 | Research | Double-Bit Axe |
| 27:52 | Build | House |
| 27:53 | Build | House |
| 27:59 | Build | Stone Wall |
| 28:48 | Age | Castle Age |
| 28:52 | Build | Castle |
| 29:01 | Queue | Villager (Male) |
| 29:03 | Queue | Villager (Male) |
| 29:16 | Queue | Knight |
| 29:16 | Queue | Knight |
| 30:14 | Queue | Knight |
| 30:15 | Queue | Knight |
| 30:27 | Queue | Villager (Male) |
| 30:51 | Queue | Villager (Male) |
| 31:03 | Queue | Villager (Male) |
| 31:19 | Build | Town Center |
| 31:22 | Queue | Knight |
| 31:22 | Queue | Knight |
| 31:30 | Queue | Villager (Male) |
| 31:34 | Research | Gold Mining |
| 32:00 | Queue | Knight |
| 32:11 | Build | Stone Wall |
| 32:25 | Queue | Villager (Male) |
| 32:26 | Queue | Villager (Male) |
| 32:26 | Queue | Villager (Male) |
| 32:26 | Queue | Villager (Male) |
| 32:33 | Queue | Knight |
| 32:34 | Queue | Knight |
| 32:39 | Build | Farm |
| 32:41 | Build | Farm |
| 32:45 | Queue | Villager (Male) |
| 33:20 | Queue | Knight |
| 33:20 | Queue | Knight |
| 33:44 | Queue | Scout Cavalry |
| 33:47 | Build | Monastery |
| 33:53 | Queue | Knight |
| 34:00 | Queue | Villager (Male) |
| 34:01 | Queue | Villager (Male) |
Match timeline
| 10:05 | scurhun · wall_segment Palisade Wall x3 |
| 10:46 | 骨川 スネ夫 · first_building Barracks |
| 10:57 | scurhun · wall_segment Palisade Wall x14 |
| 11:35 | 利捷巴罗 · first_building Barracks |
| 12:36 | scurhun · first_building Barracks |
| 12:39 | scurhun · wall_segment Palisade Wall x6 |
| 14:02 | asd40130069 · first_building Barracks |
| 14:08 | scurhun · wall_segment Palisade Wall x5 |
| 14:55 | Kaila · first_building Barracks |
| 15:00 | 利捷巴罗 · age_up feudal |
| 15:05 | scurhun · wall_segment Palisade Wall x9 |
| 15:14 | 利捷巴罗 · first_building Stable |
| 15:27 | 骨川 スネ夫 · age_up feudal |
| 15:27 | scurhun · wall_segment Palisade Wall x15 |
| 15:31 | DEBANNICO · wall_segment Palisade Wall x3 |
| 15:39 | 骨川 スネ夫 · first_building Stable |
| 15:39 | scurhun · age_up feudal |
| 15:48 | 骨川 スネ夫 · wall_segment Palisade Wall x6 |
| 15:52 | scurhun · first_building Stable |
| 15:56 | DEBANNICO · age_up feudal |
| 16:02 | Kaila · age_up feudal |
| 16:07 | Kaila · first_building Stable |
| 16:45 | Hinton_Cheung · age_up feudal |
| 16:45 | Arcalon · age_up feudal |
| 16:56 | DEBANNICO · wall_segment Stone Wall x5 |
| 17:29 | asd40130069 · age_up feudal |
| 17:37 | Hinton_Cheung · first_market_sell 100 stone |
| 17:47 | asd40130069 · first_building Stable |
| 18:52 | asd40130069 · wall_segment Stone Wall x13 |
| 19:06 | DEBANNICO · first_building Stable |
| 19:09 | asd40130069 · wall_segment Stone Wall x7 |
| 20:15 | asd40130069 · wall_segment Stone Wall x1 |
| 20:37 | 骨川 スネ夫 · age_up castle |
| 20:45 | Kaila · age_up castle |
| 20:54 | Hinton_Cheung · age_up castle |
| 21:24 | asd40130069 · age_up castle |
| 21:35 | Arcalon · age_up castle |
| 23:44 | 骨川 スネ夫 · first_building Castle |
| 24:41 | DEBANNICO · age_up castle |
| 25:47 | Hinton_Cheung · first_building Monastery |
| 26:05 | scurhun · first_market_buy 100 food |
| 26:31 | Arcalon · wall_segment Stone Wall x1 |
| 27:01 | Arcalon · wall_segment Stone Wall x4 |
| 27:06 | asd40130069 · first_building Castle |
| 27:27 | 利捷巴罗 · wall_segment Stone Wall x10 |
| 27:46 | 利捷巴罗 · wall_segment Stone Wall x8 |
| 27:48 | DEBANNICO · first_building Castle |
| 27:53 | 利捷巴罗 · wall_segment Stone Wall x3 |
| 27:58 | 利捷巴罗 · wall_segment Stone Wall x5 |
| 27:59 | scurhun · wall_segment Stone Wall x5 |
| 28:48 | scurhun · age_up castle |
| 28:52 | scurhun · first_building Castle |
| 28:56 | 利捷巴罗 · wall_segment Stone Wall x15 |
| 29:23 | Hinton_Cheung · first_building Castle |
| 29:59 | 骨川 スネ夫 · first_building Siege Workshop |
| 30:31 | DEBANNICO · wall_segment Stone Wall x1 |
| 30:44 | asd40130069 · wall_segment Stone Wall x5 |
| 31:00 | asd40130069 · wall_segment Stone Wall x7 |
| 31:39 | asd40130069 · wall_segment Stone Wall x1 |
| 31:49 | Hinton_Cheung · first_building Barracks |
| 32:11 | scurhun · wall_segment Stone Wall x24 |
| 32:40 | 利捷巴罗 · wall_segment Stone Wall x3 |
| 32:47 | Kaila · wall_segment Stone Wall x12 |
| 33:47 | scurhun · first_building Monastery |
| 34:05 | Arcalon · first_building Monastery |
| 34:23 | Hinton_Cheung · first_building Siege Workshop |
| 34:55 | Arcalon · first_building Barracks |
| 35:10 | Arcalon · wall_segment Stone Wall x6 |
| 35:16 | 骨川 スネ夫 · age_up imperial |
| 35:20 | Hinton_Cheung · age_up imperial |
| 35:37 | 利捷巴罗 · age_up castle |
| 35:39 | Arcalon · first_building Stable |
| 35:52 | scurhun · first_building Archery Range |
| 36:41 | scurhun · first_building Siege Workshop |
| 37:24 | Arcalon · age_up imperial |
| 37:27 | Arcalon · first_building Castle |
| 38:22 | Kaila · first_building Monastery |
| 41:37 | DEBANNICO · age_up imperial |
| 42:31 | 利捷巴罗 · first_building Castle |
| 42:34 | Kaila · age_up imperial |
| 42:35 | Arcalon · first_building Archery Range |
| 43:11 | asd40130069 · first_building Siege Workshop |
| 44:06 | asd40130069 · age_up imperial |
| 45:06 | 利捷巴罗 · first_market_sell 500 food |
| 45:34 | Arcalon · first_market_buy 100 stone |
| 47:21 | 骨川 スネ夫 · first_market_sell 500 wood |
| 47:59 | Kaila · resign |
[ AI ANALYSIS · 1 CREDIT ]
What really happened in this match?
Wolo.gg analyzes every decision: build order, eco, micro, common mistakes by bracket. Personalized analysis on WhatsApp or Discord in 30 seconds.
Civ guide
Celts
Perfil
Jugador #3321525